 Dungeon Crawl Stone Soup version 0.20.1-1-g8b1a95d66d (webtiles) character file.

209 Kublaii the Chopper (level 5, -5/46 HPs)
             Began as a Hill Orc Monk on Nov 24, 2017.
             Slain by hairybawbag's ghost (17 damage)
             ... on level 4 of the Dungeon on Nov 25, 2017.
             The game lasted 00:28:36 (2602 turns).

Kublaii the Chopper (Hill Orc Monk)                 Turns: 2602, Time: 00:28:37

Health: -5/46      AC:  5    Str: 15    XL:     5   Next: 87%
Magic:  0/5        EV: 11    Int: 10    God:
Gold:   110        SH:  3    Dex: 13    Spells: 4/4 levels left

rFire    + . .     SeeInvis .   a - +1 war axe
rCold    . . .     Gourm    .   l - +0 buckler
rNeg     . . .     Faith    .   q - +0 ring mail
rPois    .         Spirit   +   (no helmet)
rElec    .         Reflect  .   i - scarf {cloud immunity}
rCorr    .         Harm     .   (no gloves)
MR       .....                  (no boots)
Stlth    ++........             x - amulet of guardian spirit
Regen    0.2/turn               s - ring of protection from fire
MPRegen  0.1/turn               (no ring)

@: very slightly contaminated, invisible
A: no striking features
a: no special abilities


You were on level 4 of the Dungeon.
You were not hungry.

You visited 1 branch of the dungeon, and saw 4 of its levels.

You collected 110 gold pieces.

Inventory:

Hand Weapons
 a - a +1 war axe (weapon)
 b - a +0 hunting sling
 c - a +1 short sword of speed
 o - a +0 hunting sling
Missiles
 d - 146 stones (quivered)
 m - 24 sling bullets
Armour
 i - a scarf of cloud immunity (worn)
 l - a +0 buckler (worn)
 q - a +0 ring mail (worn)
 v - a +0 ring mail
Jewellery
 s - a ring of protection from fire (left hand)
 u - an uncursed amulet of harm
 x - an amulet of guardian spirit (around neck)
Scrolls
 f - 5 scrolls of identify
 h - 2 scrolls of immolation
 w - a scroll of amnesia {unknown}
Potions
 g - a potion of brilliance
 r - 3 potions of curing
 t - a potion of lignification {unknown}
Comestibles
 e - 5 bread rations
 j - a royal jelly
 k - 3 meat rations
 n - 3 fruits


   Skills:
 - Level 4.0 Fighting
 + Level 5.9 Axes
 - Level 3.0 Dodging
 + Level 3.6 Stealth


You had 4 spell levels left.
You didn't know any spells.

Dungeon Overview and Level Annotations

Branches:
Dungeon (4/15)
 Temple: D:4-7

Altars:
Gozag
Okawaru
Uskayaw
Zin

Annotations:
D:3 nullius's ghost, amateur FoAK
D:4 Dowan; Duvessa; hairybawbag's ghost, novice HuFi


Message History

You are very lightly contaminated with residual magic.
You closely miss hairybawbag's ghost.
Hairybawbag's ghost is lightly damaged.
Hairybawbag's ghost hits you!
You hit hairybawbag's ghost but do no damage.
Hairybawbag's ghost is lightly damaged.
Hairybawbag's ghost hits you! Hairybawbag's ghost barely misses you.
You hit hairybawbag's ghost.
Hairybawbag's ghost is lightly damaged.
Hairybawbag's ghost hits you but does no damage.
You are electrocuted!
* * * LOW HITPOINT WARNING * * *
You hit hairybawbag's ghost.
Hairybawbag's ghost is lightly damaged.
Hairybawbag's ghost closely misses you.
Your shield and ring mail prevent you from hitting hairybawbag's ghost.
Hairybawbag's ghost is lightly damaged.
Hairybawbag's ghost hits you but does no damage.
You are electrocuted!
You die...

#............'....#
#....(.......#....#
#.....(......#..###
#####......###..#######
#......#..........#####
#......#...............
#...(..#...............
#....W.#............W..
#.....@#....####..#####
##....##....####..##..#
#.>..#................
#....#................
#....#................
#....#................
#....#................
##....###.>.########.##
#.......#...########.##


You could see hairybawbag's ghost.

Vanquished Creatures
  An iguana (D:3)
  A worker ant (D:4)
  A gnoll (D:2)
  7 adders
  3 worms (D:2)
  2 dart slugs
  2 leopard geckos
  3 giant cockroaches
  9 goblins
  8 hobgoblins
  4 jackals (D:3)
  4 quokkas
  A ball python (D:2)
  7 bats
  2 frilled lizards (D:1)
  12 kobolds
  8 rats
75 creatures vanquished.

Notes
Turn   | Place    | Note
-------+----------+-------------------------------------------
     0 | D:1      | Kublaii the Hill Orc Monk began the quest for the Orb.
     0 | D:1      | Reached XP level 1. HP: 19/19 MP: 1/1
   106 | D:1      | Reached XP level 2. HP: 10/27 MP: 2/2
   307 | D:1      | HP: 1/27 [kobold/short sword (2)]
   700 | D:1      | Found a glowing silver altar of Zin.
   703 | D:1      | Reached XP level 3. HP: 33/33 MP: 3/3
  1210 | D:2      | Reached XP level 4. HP: 40/40 MP: 4/4
  1321 | D:2      | Noticed a hand axe
  1322 | D:2      | Noticed a hand axe
  1334 | D:2      | Found a hide-covered altar of Uskayaw.
  1452 | D:2      | Reached skill level 5 in Axes
  1751 | D:3      | Found an opulent altar of Gozag.
  1819 | D:3      | Noticed nullius's ghost (amateur FoAK)
  1828 | D:3      | Reached XP level 5. HP: 46/46 MP: 5/5
  2282 | D:3      | Found an iron altar of Okawaru.
  2377 | D:4      | Noticed hairybawbag's ghost (novice HuFi)
  2475 | D:4      | Noticed Duvessa
  2475 | D:4      | Noticed Dowan
  2602 | D:4      | Slain by hairybawbag's ghost

Skill      XL: |  1  2  3  4 |
---------------+-------------+-----
Fighting       | 4 |  4.0
Stealth        | 2 3 |  3.6
Dodging        | 3 |  3.0
Axes           | 5 |  5.9

Action                   |  1- 3 |  4- 6 || total
-------------------------+-------+-------++-------
Melee: Hand axe          |    53 |    19 ||    72
       War axe           |       |    73 ||    73
 Fire: Hunting sling     |    62 |    50 ||   112
Throw: Stone             |     8 |     1 ||     9
  Use: Scroll            |     1 |     9 ||    10
       Potion            |       |     3 ||     3
 Stab: Sleeping          |     2 |     2 ||     4
  Eat: Chunk             |     1 |     4 ||     5
Armor: Robe              |     6 |       ||     6
       Ring mail         |       |    21 ||    21
Dodge: Dodged            |    35 |    40 ||    75
Block: Buckler           |     1 |    16 ||    17
